 Dungeon Crawl Stone Soup version 0.18.1-50-g88ac8fd (webtiles) character file.

77 Gargoyl the Skirmisher (level 4, -5/35 HPs)
             Began as a Demonspawn Abyssal Knight on Sept 21, 2016.
             Was a Believer of Lugonu.
             Slain by Sigmund
             ... wielding a +0 scythe
              (9 damage)
             ... on level 2 of the Dungeon.
             The game lasted 00:03:18 (1535 turns).

Gargoyl the Skirmisher (Demonspawn Abyssal Knight)  Turns: 1535, Time: 00:03:19

Health: -5/35      AC: 10    Str: 13    XL:     4   Next: 13%
Magic:  6/6        EV:  6    Int: 18    God:    Lugonu [**....]
Gold:   113        SH:  0    Dex: 13    Spells: 0 memorised, 3 levels left

rFire  + . .     SeeInvis .     a - +1 hand axe
rCold  . . .     Gourm    .     l - +0 chain mail
rNeg   . . .     Faith    +     (no shield)
rPois  .         Spirit   .     i - +0 helmet
rElec  .         Dismiss  .     (no cloak)
rCorr  .         Reflect  .     (no gloves)
SustAt .         Harm     .     (no boots)
MR     .....                    k - amulet of faith
Stlth  ..........               j - ring of stealth
                                e - ring of protection from fire

@: brilliant, flying, not resistant to hostile enchantments, extremely
unstealthy
A: rot immunity
a: Depart the Abyss, Bend Space, Renounce Religion


You were on level 2 of the Dungeon.
You worshipped Lugonu.
Lugonu was pleased with you.
You were not hungry.

You visited 1 branch of the dungeon, and saw 2 of its levels.
You visited the Abyss 1 time.

You collected 113 gold pieces.

Inventory:

Hand Weapons
 a - a +1 hand axe (weapon)
Armour
 i - a +0 helmet (worn)
 l - a +0 chain mail (worn)
Jewellery
 e - a ring of protection from fire (left hand)
 j - a ring of stealth (right hand)
 k - an amulet of faith (around neck)
Scrolls
 g - a scroll of remove curse {unknown}
 m - a scroll of fear {unknown}
 o - a scroll of identify {unknown}
 p - 3 scrolls of teleportation {unknown}
 q - a scroll of enchant weapon {unknown}
Potions
 d - a potion of cure mutation
Comestibles
 c - 2 bread rations
 h - 4 fruits


   Skills:
 + Level 3.4 Fighting
 + Level 2.1 Axes
 * Level 2.4 Armour
 + Level 1.8 Dodging
 * Level 3.3 Invocations


You had 3 spell levels left.
You didn't know any spells.

Dungeon Overview and Level Annotations

Branches:
Dungeon (2/15)

Altars:
Nemelex Xobeh

Annotations:
D:2 Sigmund


Innate Abilities, Weirdness & Mutations

You are immune to rotting.


Message History

The magic dart hits you! Something hits you.
You closely miss something. You closely miss something.
Something hits you but does no damage.
Your chain mail prevents you from hitting something.
Something hits you but does no damage.
You hit something but do no damage. Something hits you!
* * * LOW HITPOINT WARNING * * *
You miss something.
Sigmund appears from thin air!
Reactivating autopickup.
Sigmund hits you with a scythe.
* * * LOW HITPOINT WARNING * * *
You hit Sigmund.
Sigmund is severely wounded.
You barely miss Sigmund.
Sigmund is severely wounded.
Sigmund barely misses you.
You hit Sigmund but do no damage.
Sigmund is severely wounded.
Sigmund hits you with a scythe!
You die...

..........##.........
..........##.#.......
..........##.#.....
..........##.#...
..........##.#.###...
.....................
........###.#...#...
######.###.###.#..
.......@....... #
..#.#..@........
...............
..#.#.......?...
#.#........#. #
##..#..#.# ##.
#..#...... ...
#..##.#.## ..........


You could see Sigmund.

Vanquished Creatures
  Jessica (D:2)
  An adder (D:2)
  A worm (D:2)
  A dart slug (D:2)
  6 bats
  A giant cockroach (D:1)
  9 goblins (D:1)
  4 hobgoblins (D:1)
  2 giant newts (D:1)
  7 kobolds
  5 rats
38 creatures vanquished.

Notes
Turn   | Place    | Note
--------------------------------------------------------------
     0 | Abyss:1  | Gargoyl the Demonspawn Abyssal Knight began the quest for the Orb.
     0 | Abyss:1  | Reached XP level 1. HP: 18/18 MP: 2/2
    68 | Abyss:1  | Found a corrupted altar of Lugonu.
    77 | Abyss:1  | Noticed a spatial vortex
    77 | Abyss:1  | Noticed a spatial vortex
    78 | Abyss:1  | Noticed a spatial vortex
   118 | Abyss:1  | Noticed a thrashing horror
   118 | Abyss:1  | Noticed a starcursed mass
   119 | D:1      | Escaped the Abyss
   346 | D:1      | Gained mutation: You are immune to rotting. [demonic ancestry]
   346 | D:1      | Reached XP level 2. HP: 24/24 MP: 3/3
   346 | D:1      | Reached * piety under Lugonu
   349 | D:1      | Reached skill level 1 in Dodging
   807 | D:1      | Reached XP level 3. HP: 28/29 MP: 5/5
  1164 | D:2      | Found a sparkling altar of Nemelex Xobeh.
  1284 | D:2      | Noticed Jessica
  1300 | D:2      | Reached ** piety under Lugonu
  1304 | D:2      | Killed Jessica
  1304 | D:2      | Reached XP level 4. HP: 13/35 MP: 6/6
  1509 | D:2      | Noticed Sigmund
  1535 | D:2      | Slain by Sigmund

Skill      XL: |  1  2  3 |
---------------+----------+-----
Armour         | 2 |  2.4
Dodging        | 1 |  1.8
Axes           | 2 |  2.1
Invocations    | 3 |  3.3
Fighting       | |  3.4

Action                   |  1- 3 |  4- 6 || total
-------------------------+-------+-------++-------
Melee: Hand axe          |   123 |    18 ||   141
Invok: Depart the Abyss  |     1 |       ||     1
  Use: Potion            |       |     5 ||     5
  Eat: Chunk             |     1 |     1 ||     2
Armor: Ring mail         |    63 |       ||    63
       Leather armour    |     1 |       ||     1
       Chain mail        |    36 |     5 ||    41
Dodge: Dodged            |    63 |     2 ||    65
